 Dungeon Crawl Stone Soup version 0.20.1 (webtiles) character file.

3412 KleinerIrrer the Cruncher (level 10, -4/102 HPs)
             Began as an Ogre Transmuter on July 2, 2017.
             Splashed by Psyche's acid (14 damage)
             ... on level 8 of the Dungeon.
             The game lasted 00:16:53 (7329 turns).

KleinerIrrer the Cruncher (Ogre Transmuter)         Turns: 7329, Time: 00:16:56

Health: -4/102     AC:  2    Str: 26    XL:     10   Next: 4%
Magic:  12/14      EV: 11    Int: 14    God:
Gold:   379        SH:  0    Dex: 10    Spells: 12/15 levels left

rFire    . . .     SeeInvis .   k - +4 quarterstaff (chaos)
rCold    . . .     Gourm    .   (shield currently unavailable)
rNeg     . . .     Faith    .   u - +0 troll leather armour
rPois    +         Spirit   .   (helmet restricted)
rElec    .         Reflect  .   l - +0 cloak
rCorr    .         Harm     .   (gloves unavailable)
MR       +....                  (boots unavailable)
Stlth    +.........             f - amulet of rage
Regen    0.7/turn               h - +3 ring of strength
MPRegen  0.2/turn               j - ring of poison resistance

@: mighty, corroded
A: unfitting armour, tough skin 1
a: Evoke Berserk Rage


You were on level 8 of the Dungeon.
You were not hungry.

You visited 2 branches of the dungeon, and saw 9 of its levels.

You collected 379 gold pieces.

Inventory:

Hand Weapons
 k - a +4 quarterstaff of chaos (weapon)
 H - a +1 dagger of pain
 L - a cursed -3 dagger
 M - a +1 war axe of freezing
 N - a +0 antimagic trident
 O - a +1 antimagic war axe
Missiles
 a - 64 arrows
Armour
 b - a +0 robe
 e - a +0 shield
 l - a +0 cloak (worn)
 u - a +0 troll leather armour (worn)
Jewellery
 f - an amulet of rage (around neck)
 h - a +3 ring of strength (left hand)
 j - a ring of poison resistance (right hand)
 F - an uncursed amulet of faith
Wands
 o - a wand of acid (10/15)
 r - a wand of random effects (20/48)
 I - a wand of random effects (13/48)
Scrolls
 p - 3 scrolls of enchant armour {unknown}
 s - 2 scrolls of immolation {unknown}
 t - 2 scrolls of fear
 x - a scroll of amnesia {unknown}
 y - a scroll of magic mapping
 C - 6 scrolls of teleportation {unknown}
 D - 4 scrolls of identify
 E - a scroll of recharging {unknown}
 G - a scroll of blinking {unknown}
 P - a scroll of fog {unknown}
Potions
 g - 2 potions of curing
 n - 2 potions of heal wounds
 q - a potion of invisibility
 z - 3 potions of mutation
 B - 2 potions of agility
 J - 2 potions of degeneration {unknown}
Books
 c - a book of Changes

   Spells                             Type                      Level
   a - Beastly Appendage              Transmutation                1
   b - Sticks to Snakes               Transmutation                2
   c - Spider Form                    Transmutation/Poison         3
   d - Ice Form                       Ice/Transmutation            4
   e - Blade Hands                    Transmutation                5
 v - a book of Minor Magic

   Spells                             Type                      Level
   a - Magic Dart                     Conjuration                  1
   b - Blink                          Translocation                2
   c - Call Imp                       Summoning                    2
   d - Slow                           Hexes                        2
   e - Conjure Flame                  Conjuration/Fire             3
   f - Mephitic Cloud                 Conjuration/Poison/Air       3
Comestibles
 d - 6 bread rations
 i - 4 meat rations
 w - 4 royal jellies
 A - 3 fruits
 K - 3 chunks of flesh


   Skills:
 + Level 7.0 Fighting
 * Level 10.3 Staves
 + Level 3.4 Armour
 + Level 3.9 Dodging
 - Level 2.1 Shields
 - Level 3.8 Unarmed Combat
 + Level 3.1 Spellcasting
 + Level 2.0 Transmutations


You had 12 spell levels left.
You knew the following spells:

 Your Spells              Type           Power        Failure   Level  Hunger
a - Beastly Appendage     Tmut           #.....       10%         1    #......
b - Sticks to Snakes      Tmut           #.......     16%         2    ##.....


Dungeon Overview and Level Annotations

Branches:
Dungeon (8/15)             Temple (1/1) D:6
   Lair: D:8-11

Altars:
Cheibriados
Dithmenos
Fedhas
Gozag
Hepliaklqana
Kikubaaqudgha
Makhleb
Nemelex Xobeh
Okawaru
Qazlal
Ru
Sif Muna
Trog
Uskayaw
Vehumet
Xom
Yredelemnul
Zin
The Shining One
Lugonu

Annotations:
D:8 Psyche


Innate Abilities, Weirdness & Mutations

You are too large for most types of armour.
You have tough skin. (AC +1)


Message History

The worker ant zombie closely misses you.
You barely miss the worker ant zombie.
The worker ant zombie closely misses you.
You sock the worker ant zombie! You freeze the worker ant zombie.
The worker ant zombie is severely damaged.
The worker ant zombie bites you.
You barely miss the worker ant zombie.
The worker ant zombie is severely damaged.
You sock the worker ant zombie! You burn the worker ant zombie.
You destroy the worker ant zombie!
Something hits you.
You feel your power leaking away.
You barely miss something. Something hits you but does no damage.
You sock something! Something hits you.
You hear a zap.
A bolt of acid appears from out of thin air!
The bolt of acid hits you!
* * * LOW HITPOINT WARNING * * *
You are splashed with acid!
The acid burns!
You die...

#..###...##...# . ....#
#.#......# . ####
#..####...# .#
...####..... #. ####
#...... #. ###...... ###.
###........
...#...########...##.....
.......{@..........)(....
....###########.####.....
. #.....####.....
###.####......###
#.[).....######
#.......## #.[....##
########


There were no monsters in sight!

Vanquished Creatures
  The ghost of Quirk the Basher, a novice TrFi (D:6)
  Prince Ribbit (D:7)
  2 hippogriffs (D:7)
  An ice beast (D:5)
  3 eyes of draining (D:7)
  A phantom (D:4)
  A black bear (D:6)
  A necrophage (D:6)
  A centaur (D:8)
  3 ogres
  A crocodile (D:7)
  3 bullfrogs
  A wyvern zombie (D:6)
  A wyvern skeleton (D:8)
  A scorpion (D:5)
  4 wights (D:7)
  A howler monkey (D:6)
  4 crimson imps
  A quasit (D:7)
  2 hounds
  Crazy Yiuf (D:2)
  2 orc wizards
  An iguana (D:7)
  Jessica (D:2)
  9 worker ants
  A hound skeleton (D:7)
  2 worker ant zombies
  4 gnolls
  6 adders
  A shadow imp (D:6)
  An ooze (D:1)
  An adder zombie (D:5)
  An adder skeleton (D:4)
  A worm (D:7)
  4 leopard geckos
  6 orcs
  7 giant cockroaches
  11 hobgoblins
  7 jackals
  4 quokkas
  2 ball pythons
  A ball python skeleton (D:4)
  13 bats
  5 frilled lizards
  7 goblins
  10 kobolds
  16 rats
  A spectral orc (D:4)
160 creatures vanquished.

Notes
Turn   | Place    | Note
-------+----------+-------------------------------------------
     0 | D:1      | KleinerIrrer the Ogre Transmuter began the quest for the Orb.
     0 | D:1      | Reached XP level 1. HP: 19/19 MP: 3/3
    45 | D:1      | Reached XP level 2. HP: 16/27 MP: 5/5
   519 | D:1      | Reached XP level 3. HP: 33/33 MP: 7/7
  1239 | D:2      | Found an opulent altar of Gozag.
  1462 | D:2      | Noticed Jessica
  1480 | D:2      | Killed Jessica
  1480 | D:2      | Reached skill level 1 in Shields
  1480 | D:2      | Reached XP level 4. HP: 32/41 MP: 8/8
  1589 | D:2      | Found a runed door.
  1596 | D:2      | Learned a level 2 spell: Sticks to Snakes
  1608 | D:2      | Noticed Crazy Yiuf
  1619 | D:2      | Killed Crazy Yiuf
  2117 | D:2      | Found an iron altar of Okawaru.
  2150 | D:2      | Reached XP level 5. HP: 42/49 MP: 9/9
  2525 | D:3      | Reached skill level 1 in Staves
  2847 | D:3      | Reached skill level 2 in Staves
  3351 | D:4      | Noticed a phantom
  3385 | D:4      | Killed a phantom
  3385 | D:4      | Reached XP level 6. HP: 32/59 MP: 10/10
  3654 | D:4      | Found a blossoming altar of Fedhas.
  3660 | D:4      | Reached skill level 3 in Staves
  3850 | D:4      | Found a hazy altar of Hepliaklqana.
  4294 | D:4      | Found a basalt altar of Yredelemnul.
  4619 | D:5      | Entered Level 5 of the Dungeon
  4627 | D:5      | Reached XP level 7. HP: 61/67 MP: 11/11
  4697 | D:5      | Reached skill level 4 in Staves
  4708 | D:5      | Found a hide-covered altar of Uskayaw.
  4932 | D:5      | Reached skill level 5 in Staves
  4932 | D:5      | Reached skill level 1 in Armour
  5023 | D:5      | Found a stormy altar of Qazlal.
  5023 | D:5      | Noticed a water elemental
  5024 | D:5      | Noticed a fire elemental
  5024 | D:5      | Noticed an air elemental
  5179 | D:5      | Found a burning altar of Makhleb.
  5273 | D:6      | Reached skill level 6 in Staves
  5273 | D:6      | Reached XP level 8. HP: 54/78 MP: 12/12
  5405 | D:6      | Found a staircase to the Ecumenical Temple.
  5434 | Temple   | Entered the Ecumenical Temple
  5819 | D:6      | Noticed Quirk's ghost (novice TrFi)
  5844 | D:6      | Killed Quirk's ghost
  5844 | D:6      | Reached skill level 5 in Fighting
  5844 | D:6      | Reached skill level 7 in Staves
  6113 | D:6      | Reached skill level 8 in Staves
  6113 | D:6      | Reached XP level 9. HP: 65/88 MP: 13/13
  6206 | D:7      | Noticed Prince Ribbit
  6213 | D:7      | Killed Prince Ribbit
  6234 | D:7      | Found a deep blue altar of Sif Muna.
  6579 | D:7      | Found a sacrificial altar of Ru.
  6648 | D:7      | Reached skill level 9 in Staves
  6689 | D:7      | Found a bloodstained altar of Trog.
  6933 | D:7      | Reached skill level 10 in Staves
  7228 | D:8      | Reached XP level 10. HP: 92/100 MP: 14/14
  7315 | D:8      | Noticed Psyche
  7329 | D:8      | Splashed by Psyche's acid

Skill      XL: |  1  2  3  4  5  6  7  8  9 10 |
---------------+-------------------------------+-----
Unarmed Combat | 3 |  3.8
Dodging        | 2 3 |  3.9
Shields        | 1 2 |  2.1
Fighting       | 2 3 4 5 6 7 |  7.0
Staves         | 2 3 6 8 10 | 10.3
Transmutations | 2 |  2.0
Armour         | 1 2 3 |  3.4
Spellcasting   | 3 |  3.1

Action                   |  1- 3 |  4- 6 |  7- 9 | 10-12 || total
-------------------------+-------+-------+-------+-------++-------
Melee: Unarmed           |   182 |    13 |       |       ||   195
       Headbutt          |     1 |       |     3 |       ||     4
       Quarterstaff      |       |   128 |   215 |    17 ||   360
       Punch             |       |     1 |       |       ||     1
       Kick              |       |       |     5 |       ||     5
 Cast: Beastly Appendage |     1 |       |     3 |       ||     4
       Sticks to Snakes  |       |     2 |       |       ||     2
  Use: Scroll            |     1 |     7 |     4 |       ||    12
       Potion            |       |     1 |     4 |     1 ||     6
 Stab: Sleeping          |     1 |       |       |       ||     1
       Paralysed         |       |     2 |     5 |       ||     7
       Petrifying        |       |       |     1 |       ||     1
  Eat: Chunk             |     2 |    10 |     4 |       ||    16
       Bread ration      |       |       |     1 |       ||     1
Armor: Robe              |    67 |    34 |       |       ||   101
       Troll leather arm |       |    10 |    58 |     1 ||    69
Dodge: Dodged            |    55 |    50 |    93 |    13 ||   211
Block: Shield            |    43 |     2 |       |       ||    45
